[Event "*** Titled Tuesday Blitz"]
[Site "Chess.com"]
[Date "2019.02.05"]
[Round "2"]
[White "GGX0X0"]
[Black "bilelou"]
[Result "0-1"]
[WhiteElo "2331"]
[BlackElo "2594"]
[TimeControl "180+2"]
[EndTime "13:22:26 PST"]
[Termination "bilelou won by resignation"]

1. e4 e6 2. d3 b6 3. f4 Bb7 4. Nf3 g6 5. g3 Bg7 6. Bg2 Ne7 7. O-O d6 8. c3 Nd7 9. Be3 O-O 10. Nbd2 c5 11. h3 d5 12. Kh2 c4 13. dxc4 dxe4 14.
Ng5 Nf5 15. Qe1 e5 16. Ngxe4 Nxe3 17. Qxe3 exf4 18. Qxf4 Be5 19. Qf2 Qc7 20. Rae1 Rad8 21. Nf3 Bxe4 22. Rxe4 Bd6 23. Ng5 Nc5 24. Rd4 f5 25. b4 Qe7 26. bxc5 Bxc5 27. Nf3 Bxd4 28. cxd4 f4 29. g4 Qe3 30. Qxe3 fxe3 31. Re1 Rde8 32.
Kg3 Re4 33. Re2 Kg7 34. a4 Rc8 35. Ne5 Rxd4 36. Rxe3 Re8 37. Bd5 Re7 38. g5 a6 39.
h4 b5 40. axb5 axb5 41. Kf2 bxc4 42. Bxc4 Rxh4 43. Nf3 Rxe3 44. Kxe3 Rxc4 0-1

[Event "*** Titled Tuesday Blitz"]
[Site "Chess.com"]
[Date "2019.02.05"]
[Round "2"]
[White "CalinGheorghiu"]
[Black "Vadim_Biliy"]
[Result "1-0"]
[WhiteElo "2239"]
[BlackElo "2143"]
[TimeControl "180+2"]
[EndTime "13:22:27 PST"]
[Termination "CalinGheorghiu won by checkmate"]

1. d4 d5 2. c4 e6 3. Nc3 Nf6 4.
cxd5 Nxd5 5. e4 Nxc3 6. bxc3 c5 7.
Nf3 cxd4 8. cxd4 Bb4+ 9. Bd2 Bxd2+ 10. Qxd2 O-O 11. Bc4 Nc6 12. O-O a6 13. a4 Na5 14.
Ba2 b5 15. axb5 axb5 16. d5 exd5 17. exd5 Bb7 18. Rfd1 Qd6 19. Nd4 Nc4 20. Nxb5 Qc5 21. Bxc4 Rxa1 22. Rxa1 Qxc4 23. Nc3 Rc8 24. Re1 h6 25. d6 Qc6 26. f3 Rd8 27. Rd1 Rd7 28.
Kh1 g5 29. Qd4 Bc8 30. Ne4 Rb7 31. Nf6+ Kf8 32. d7 Bxd7 33. Nxd7+ Ke7 34. Ne5 Qc2 35.
Qd6+ Ke8 36. Qd8# 1-0

[Event "*** Titled Tuesday Blitz"]
[Site "Chess.com"]
[Date "2019.02.05"]
[Round "2"]
[White "NemtsevIgor"]
[Black "BogdanDeac"]
[Result "0-1"]
[WhiteElo "2309"]
[BlackElo "2738"]
[TimeControl "180+2"]
[EndTime "13:22:28 PST"]
[Termination "BogdanDeac won by resignation"]

1. d4 Nf6 2. Bf4 d5 3. e3 c5 4. c3 Nc6 5. Nd2 e6 6. Ngf3 cxd4 7. exd4 Nh5 8. Be3 Bd6 9. Ne5 g6 10. f4 Ng7 11. Bd3 f6 12. Nef3 Nf5 13. Qe2 O-O 14. O-O Nxe3 15. Qxe3 Qc7 16. g3 Bd7 17. Rae1 e5 18. dxe5 fxe5 19. fxe5 Nxe5 20. Nd4 a6 21. Bc2 Ng4 22. Qg5 Bxg3 23. Bxg6 Bxe1 24. Bxh7+ Kh8 25. N2f3 Nxh2 26. Qh5 Qg3+ 27. Kh1 Bg4 28. Qh6 Bxf3+ 29. Nxf3 Ng4 30. Qh5 Nf6 31. Qh6 Nxh7 32. Rxe1 Qxf3+ 33. Kh2 Qf2+ 34. Kh3 Rf3+ 0-1

[Event "*** Titled Tuesday Blitz"]
[Site "Chess.com"]
[Date "2019.02.05"]
[Round "2"]
[White "chesstatour"]
[Black "flomarechot"]
[Result "0-1"]
[WhiteElo "2016"]
[BlackElo "2061"]
[TimeControl "180+2"]
[EndTime "13:22:29 PST"]
[Termination "flomarechot won on time"]

1. c4 Nf6 2. Nc3 g6 3. e4 d6 4. d4 Bg7 5. f4 O-O 6. Nf3 c5 7. d5 e6 8. dxe6 fxe6 9. Bd3 Nc6 10. O-O Nd4 11. Ng5 a6 12. e5 dxe5 13. fxe5 Nd7 14. Rxf8+ Nxf8 15. Bf4 Bxe5 16. Nxe6 Qf6 17. Bxe5 Qxe5 18.
Nxf8 Kxf8 19. Qf1+ Bf5 20. g4 Qe3+ 21. Kg2 Qxd3 22.
gxf5 Qxf5 23. Ne4 Kg7 24. Qxf5 Nxf5 25. Nxc5 Rc8 26. Nxb7 Rxc4 27. b3 Rc2+ 28. Kf3 Rxh2 29. Nc5 a5 30. Nb7 Nd4+ 31. Kg3 Re2 32. Nxa5 h5 33.
Rd1 Nf5+ 34. Kf4 Rxa2 0-1

[Event "*** Titled Tuesday Blitz"]
[Site "Chess.com"]
[Date "2019.02.05"]
[Round "2"]
[White "Revnov"]
[Black "Samuray111"]
[Result "1-0"]
[WhiteElo "2792"]
[BlackElo "2559"]
[TimeControl "180+2"]
[EndTime "13:22:31 PST"]
[Termination "Revnov won by resignation"]

1. e4 c5 2. Nf3 g6 3. c3 Bg7 4. d4 cxd4 5. cxd4 d5 6. e5 Bg4 7.
Bb5+ Nc6 8. Bxc6+ bxc6 9. Nbd2 Nh6 10. Qa4 O-O 11. O-O Qb6 12. b3 c5 13. dxc5 Qxc5 14. Ba3 Qc7 15. Rac1 Qb7 16. h3 Bxf3 17. Nxf3 Rfc8 18.
Rfe1 e6 19. g4 Kh8 20. Bd6 Ng8 21. Nd4 Ne7 22. Qb5 Qxb5 23. Nxb5 a6 24. Nc7 Ra7 25. Rc2 Bf8 26. Rec1 Kg8 27. f4 Bh6 28. Nxd5 Rxc2 29. Nxe7+ Rxe7 30. Rxc2 Re8 31. g5 Bg7 32. Rc6 Ra8 33.
b4 h6 34. h4 hxg5 35. hxg5 Bf8 36. a4 Bxd6 37. exd6 Kf8 38. Rb6 Ke8 39. a5 Kd7 40. Kf2 Rc8 41. Rxa6 Rc4 42. Rb6 Rxf4+ 43. Ke3 Rf1 44. a6 Ra1 45. b5 e5 46. Rb7+ Kc8 47.
d7+ Kd8 48. a7 Ke7 49. d8=Q+ Ke6 1-0

[Event "*** Titled Tuesday Blitz"]
[Site "Chess.com"]
[Date "2019.02.05"]
[Round "2"]
[White "Grieve72"]
[Black "Kurai"]
[Result "0-1"]
[WhiteElo "2315"]
[BlackElo "2494"]
[TimeControl "180+2"]
[EndTime "13:22:32 PST"]
[Termination "Kurai won by checkmate"]

1. d4 d5 2. Bg5 Nf6 3. Bxf6 exf6 4. e3 Bd6 5. g3 O-O 6. Bg2 c6 7. Ne2 Nd7 8. O-O f5 9. b3 Nf6 10. c4 Be6 11. Qd3 Ne4 12. Nbc3 Re8 13. c5 Bc7 14. b4 h5 15. h4 f6 16. Nf4 Bf7 17. Nce2 g5 18.
Nh3 Bg6 19. a4 Kg7 20. b5 Qc8 21. f4 Re7 22. Ra3 Qd7 23. Kh2 Rg8 24. Rb3 Qc8 25.
b6 axb6 26. cxb6 Bd6 27. a5 Kh8 28. fxg5 fxg5 29. hxg5 h4 30. Nhf4 hxg3+ 31. Nxg3 Rh7+ 32. Bh3 Nxg5 33. Kg2 Nxh3 34. Nxh3 f4 35. e4 Qxh3+ 36. Kf2 fxg3+ 37. Ke1 Bxe4 38. Qe3 Qxf1+ 39. Kxf1 g2+ 40. Ke2 g1=Q 41. Qxg1 Rxg1 42. a6 Rh2+ 43. Ke3 Rg3# 0-1

[Event "*** Titled Tuesday Blitz"]
[Site "Chess.com"]
[Date "2019.02.05"]
[Round "2"]
[White "CaptainCasanova"]
[Black "Ginger_GM"]
[Result "0-1"]
[WhiteElo "2762"]
[BlackElo "2573"]
[TimeControl "180+2"]
[EndTime "13:22:33 PST"]
[Termination "Ginger_GM won by resignation"]

1. d4 e6 2. c4 f5 3. Nc3 Nf6 4. e3 b6 5. Be2 Bb7 6. Bf3 Bxf3 7. Qxf3 Nc6 8. Nge2 Be7 9. O-O O-O 10. e4 fxe4 11.
Nxe4 e5 12. Nxf6+ Bxf6 13. d5 Ne7 14. Qd3 d6 15. Be3 Qd7 16. Nc3 Nf5 17. Ne4 Be7 18. b4 Nh4 19. f3 Qf5 20. Bf2 Ng6 21. Bg3 h5 22. h3 Bh4 23. Bh2 Bg5 24. Rad1 Bf4 25.
g3 Qxh3 26. gxf4 Nxf4 27. Bxf4 Rxf4 28. Qe2 Raf8 29. Qg2 Qf5 30. Rd2 Kh8 31. Qg3 g5 32.
Rff2 g4 33. Kf1 gxf3 34. Nc3 Rg8 35. Qh2 e4 36. Nd1 Qg5 37. Ne3 Rh4 0-1

[Event "*** Titled Tuesday Blitz"]
[Site "Chess.com"]
[Date "2019.02.05"]
[Round "2"]
[White "AlexTriapishko"]
[Black "otrov-11"]
[Result "1-0"]
[WhiteElo "2768"]
[BlackElo "2308"]
[TimeControl "180+2"]
[EndTime "13:22:33 PST"]
[Termination "AlexTriapishko won by resignation"]

1. d4 Nf6 2. Nc3 d5 3. Bf4 e6 4.
Nb5 Na6 5. e3 c6 6. Nc3 Nc7 7.
Nf3 Bd6 8. Bd3 c5 9. dxc5 Bxc5 10. O-O O-O 11. e4 dxe4 12. Nxe4 Nxe4 13. Bxe4 Nd5 14. Bg3 Nf6 15. Bd3 b6 16. Qe2 Bb7 17. Rad1 Qe7 18. Bh4 Rfd8 19. a3 a5 20. c3 a4 21. Bb5 Bd5 22. Ne5 Qc7 23. Bxf6 gxf6 24. Ng4 f5 25. Qe5 Qxe5 26. Nxe5 Bb3 27. Rd3 Rxd3 28. Nxd3 Be7 29. Nc1 Bd5 30. Ne2 Rd8 31. Nd4 Bf6 32. Bxa4 Bc4 33.
Rd1 e5 34. Nxf5 Rxd1+ 35. Bxd1 Bd3 36. Ne3 Be7 37. Nd5 Bc5 38. b4 Bf8 39. Nxb6 e4 40. a4 Bg7 41. Nd5 Bc4 42. Ne3 Bd3 43. c4 Bc3 44. b5 Bd4 45. a5 Bxe3 46. fxe3 Bxc4 47. b6 Ba6 48. Bb3 Kg7 49. Bd5 f5 50. b7 1-0

[Event "*** Titled Tuesday Blitz"]
[Site "Chess.com"]
[Date "2019.02.05"]
[Round "2"]
[White "akhairat"]
[Black "Gentlejimmy7"]
[Result "0-1"]
[WhiteElo "2245"]
[BlackElo "2293"]
[TimeControl "180+2"]
[EndTime "13:22:35 PST"]
[Termination "Gentlejimmy7 won on time"]

1. Nf3 Nf6 2. g3 g6 3. Bg2 Bg7 4. O-O O-O 5. d3 d5 6. Nbd2 Nc6 7. c4 Bg4 8. h3 Be6 9. Ng5 Bc8 10. Rb1 h6 11.
Ngf3 dxc4 12. Nxc4 Be6 13. Nfd2 Qd7 14. Kh2 Rad8 15.
b4 Nd4 16. Bb2 c6 17. a3 Qc7 18. Rc1 h5 19. Nf3 Nxf3+ 20. Bxf3 h4 21. Kg2 hxg3 22. fxg3 Nd5 23. Bxg7 Kxg7 24. e4 Nb6 25. Qe2 Nxc4 26. dxc4 Rd4 27. Rfd1 Rfd8 28. Qb2 Qe5 29. Kf2 f6 30.
Qc2 Rxc4 31. Rxd8 Rxc2+ 32. Rxc2 Bxh3 33. Rd3 Qa1 34. Rcd2 Qf1+ 35. Ke3 Qg1+ 36. Rf2 Qxg3 37. Ke2 Qe5 0-1

[Event "*** Titled Tuesday Blitz"]
[Site "Chess.com"]
[Date "2019.02.05"]
[Round "2"]
[White "Andreikka"]
[Black "Witik"]
[Result "1-0"]
[WhiteElo "2908"]
[BlackElo "2612"]
[TimeControl "180+2"]
[EndTime "13:22:37 PST"]
[Termination "Andreikka won by resignation"]

1. d4 g6 2. Nf3 Bg7 3. g3 d5 4.
Bg2 Nf6 5. O-O O-O 6. c4 c6 7. Qb3 a5 8. Bf4 a4 9. Qb4 dxc4 10. Qxc4 Nbd7 11. Qc1 Nd5 12. Bh6 N7f6 13. Bxg7 Kxg7 14. Nbd2 Bf5 15. Re1 Ne4 16. Nc4 Nd6 17. Nfd2 Be6 18. Ne5 Nf6 19. a3 Qb6 20. e3 Bd5 21. Bf1 h5 22. h3 Ra5 23. Nd3 h4 24. g4 Nfe4 25. Nb4 f5 26. f4 g5 27. Nf3 fxg4 28. hxg4 gxf4 29. exf4 h3 30. f5 h2+ 31. Kxh2 Rh8+ 32. Kg1 Bf7 33. Qf4 c5 34. Nd3 c4 35. Nb4 Nf6 36.
Rxe7 Kf8 37. Rae1 Nxf5 38. gxf5 Rg8+ 39. Bg2 Qd8 40. Qh6+ 1-0

[Event "*** Titled Tuesday Blitz"]
[Site "Chess.com"]
[Date "2019.02.05"]
[Round "2"]
[White "Fins0905"]
[Black "Konavets"]
[Result "0-1"]
[WhiteElo "2633"]
[BlackElo "2830"]
[TimeControl "180+2"]
[EndTime "13:22:38 PST"]
[Termination "Konavets won by checkmate"]

1. d4 Nf6 2. c4 b6 3. Nc3 Bb7 4.
Nf3 e6 5. a3 Be7 6. Bf4 O-O 7.
h3 d6 8. e3 Nbd7 9. Be2 Re8 10. O-O Bf8 11. Bh2 h6 12. b4 g6 13. Qc2 Bg7 14. Rfd1 Qe7 15. Rac1 a6 16. Nd2 Rac8 17. Bf3 d5 18. c5 e5 19. Nb3 bxc5 20. bxc5 exd4 21.
exd4 Ne4 22. Na5 Ba8 23. Qd3 Qg5 24. Ne2 Qh4 25. Rf1 f5 26. Nf4 Nf8 27. Qxa6 Nd2 28. Nxg6 Nxf3+ 29. gxf3 Qg5+ 30. Kh1 Qxg6 31. c6 Kh7 32.
Rg1 Qh5 33. Qd3 Ne6 34. Nb3 Rf8 35. Rce1 Ng5 36. Re7 Rf7 37. Rxf7 Qxf7 38. h4 Ne6 39. Rc1 Rf8 40. a4 Qh5 41. a5 Qxh4 42. a6 Nxd4 43. Nxd4 Bxd4 44. Re1 Rf7 45. Re6 Qxf2 46. a7 Bxa7 47.
Bxc7 Qg1# 0-1

[Event "*** Titled Tuesday Blitz"]
[Site "Chess.com"]
[Date "2019.02.05"]
[Round "2"]
[White "Keaton87"]
[Black "Aleksey_Sorokin"]
[Result "1-0"]
[WhiteElo "2546"]
[BlackElo "2697"]
[TimeControl "180+2"]
[EndTime "13:22:38 PST"]
[Termination "Keaton87 won by resignation"]

1. d4 Nf6 2. Nc3 d5 3. Bf4 c6 4. Qd2 Nbd7 5. f3 Nh5 6. Bg5 h6 7. Bh4 g5 8. Bf2 Bg7 9. e4 e6 10. Nge2 b6 11. g4 Nhf6 12. e5 Ng8 13. h4 f6 14.
exf6 Qxf6 15. f4 Qe7 16. O-O-O Ngf6 17. hxg5 Nxg4 18. Bh4 Qf7 19. Bh3 hxg5 20. Bxg5 Nf2 21. Qe3 Nxd1 22. Rxd1 Nf6 23. f5 Qh5 24. Rh1 Qxg5 25.
Qxg5 Bh6 26. Qxh6 Rxh6 27. Ng3 Ke7 28. Nce2 exf5 29. Nf4 Ne4 30. Ngh5 Be6 31. Rg1 Rg8 32. Rxg8 Bxg8 33. Bxf5 Bf7 34. Bxe4 dxe4 35. Ng3 e3 36. Nf5+ Kf6 37. Nxh6 Kg5 38. Nxf7+ Kxf4 39. Kd1 Ke4 40. c3 c5 41. Nd6+ Kd3 42. d5 e2+ 43.
Ke1 Kc2 44. Ne4 Kxb2 45. d6 1-0

[Event "*** Titled Tuesday Blitz"]
[Site "Chess.com"]
[Date "2019.02.05"]
[Round "2"]
[White "Caisachess"]
[Black "MehdiHosseinipour"]
[Result "0-1"]
[WhiteElo "2388"]
[BlackElo "2523"]
[TimeControl "180+2"]
[EndTime "13:22:38 PST"]
[Termination "MehdiHosseinipour won by resignation"]

1. e4 c5 2. c3 Nf6 3. e5 Nd5 4. d4 cxd4 5. Nf3 Nc6 6. cxd4 d6 7. Bc4 Nb6 8. Bb5 Bd7 9. exd6 e6 10. Nc3 Bxd6 11.
d5 exd5 12. Nxd5 Nxd5 13. Qxd5 Qe7+ 14. Be3 Bb4+ 15. Nd2 O-O 16. O-O Be6 17. Qh5 Rad8 18. Rfd1 Rd5 19. Qe2 Rfd8 20. a3 Bxd2 21. Rxd2 Rxd2 22.
Bxd2 Nd4 23. Qe5 Nxb5 24. Bb4 Qd7 25. h3 Qd5 26. Qg3 f6 27. Rc1 Bf7 28. Rc5 Qd1+ 29. Kh2 a6 30. Qf4 Qd6 31. Qxd6 Nxd6 32. Rc7 h6 33. Bxd6 Rxd6 34. Rxb7 Bd5 35. Rb8+ Kf7 36.
f3 Rc6 37. Kg3 Rc2 38. Rb6 Bc4 39. Rc6 Bd3 40. Rd6 Bf1 41. f4 Rxg2+ 42. Kf3 Rxb2 0-1

[Event "*** Titled Tuesday Blitz"]
[Site "Chess.com"]
[Date "2019.02.05"]
[Round "2"]
[White "gmjlh"]
[Black "GMMatamoros"]
[Result "1-0"]
[WhiteElo "2696"]
[BlackElo "2518"]
[TimeControl "180+2"]
[EndTime "13:22:41 PST"]
[Termination "gmjlh won by resignation"]

1. d4 Nf6 2. c4 e6 3. Nf3 d5 4.
Nc3 Be7 5. Bf4 O-O 6. e3 b6 7. Bd3 dxc4 8. Bxc4 Ba6 9. Qe2 Bxc4 10. Qxc4 c5 11.
dxc5 Bxc5 12. O-O Qc8 13. Rac1 Nbd7 14. Rfd1 Qb7 15. Ne5 Rac8 16. Nxd7 Nxd7 17. Qd3 Nf6 18. Bg5 Be7 19. Nb5 Rfd8 20. Rxc8 Qxc8 21. Qe2 Rxd1+ 22.
Qxd1 Qc5 23. Bxf6 Bxf6 24. Nd4 Bxd4 25. exd4 Qd5 26. b3 g6 27. Qg4 h5 28. Qf4 a5 29.
h3 Kg7 30. Qe5+ Qxe5 31. dxe5 g5 32. g4 hxg4 33. hxg4 Kf8 34. Kg2 Ke7 35. f4 gxf4 36. Kf3 Kd7 37. Kxf4 Kc6 38. Kg5 Kd5 39. Kf6 b5 40. g5 a4 41. bxa4 bxa4 42. Kxf7 Kc4 43. g6 Kc3 44. g7 Kb2 45. g8=Q Kxa2 46. Kxe6 1-0

[Event "*** Titled Tuesday Blitz"]
[Site "Chess.com"]
[Date "2019.02.05"]
[Round "2"]
[White "jsdbv18"]
[Black "GelmanAlexander"]
[Result "0-1"]
[WhiteElo "2467"]
[BlackElo "2509"]
[TimeControl "180+2"]
[EndTime "13:22:41 PST"]
[Termination "GelmanAlexander won by resignation"]

1. e4 c5 2. Nf3 e6 3. d4 cxd4 4. Nxd4 d6 5. Nc3 a6 6. a4 Nf6 7.
Be2 Be7 8. O-O O-O 9. f4 Nc6 10.
Be3 Qc7 11. Qe1 Re8 12. Rd1 Bf8 13. Nb3 b6 14. Bf3 Bb7 15. g4 g6 16. g5 Nd7 17. Bg2 Rad8 18. Rf3 Bg7 19. Rh3 Nb4 20. Rd2 f5 21. Qh4 Nf8 22. Qf2 Nd7 23. Bd4 e5 24. fxe5 dxe5 25. Qh4 exd4 26. Qxh7+ Kf8 27. Qxg6 dxc3 28.
Rf2 f4 29. Rh7 Re7 30. Bh3 cxb2 31. Be6 b1=Q+ 32. Kg2 Bxe4+ 33. Qxe4 Qc6 34. Rxf4+ Nf6 35. Qxc6 Nxc6 36. gxf6 Qxc2+ 37. Rf2 Qxh7 38. fxe7+ Kxe7 0-1

[Event "*** Titled Tuesday Blitz"]
[Site "Chess.com"]
[Date "2019.02.05"]
[Round "2"]
[White "David_Klein"]
[Black "ChessWarrior7197"]
[Result "0-1"]
[WhiteElo "2583"]
[BlackElo "2880"]
[TimeControl "180+2"]
[EndTime "13:22:42 PST"]
[Termination "ChessWarrior7197 won by checkmate"]

1. b3 Nf6 2. Bb2 c5 3. e3 d5 4.
Nf3 e6 5. Bb5+ Bd7 6. Bxd7+ Nbxd7 7. O-O Bd6 8. c4 O-O 9. cxd5 Nxd5 10. Nc3 N7f6 11.
Nxd5 exd5 12. d4 c4 13. bxc4 dxc4 14. a4 a6 15. a5 Rc8 16. Qc2 Nd5 17. Bc3 Qd7 18. e4 Nxc3 19. Qxc3 Rfe8 20. Rfe1 h6 21. Rab1 Rc7 22. h3 Bf8 23. Ne5 Qc8 24. Rb6 Rd8 25.
Rc1 Bd6 26. Nf3 Be7 27. Rc2 Qd7 28. Rcb2 Bf6 29. e5 Be7 30. Kh2 Qd5 31. Rb1 Rdd7 32.
Re1 Rc6 33. Rxc6 Qxc6 34. Rb1 Qd5 35. Rb6 Bd8 36. Rd6 Rxd6 37. exd6 Qxd6+ 38. g3 Qd5 39. Kg2 Bxa5 40. Qe3 Bb4 41. Qe8+ Bf8 42. Qc8 b5 43. g4 b4 44. Kg3 c3 45. Ne5 Qxd4 46. Nd7 Qd6+ 47. f4 b3 48. Nxf8 Qxf8 49. Qxc3 Qb8 50. Kh4 b2 51. f5 b1=Q 52. f6 g5+ 53. Kh5 Qg6# 0-1

[Event "*** Titled Tuesday Blitz"]
[Site "Chess.com"]
[Date "2019.02.05"]
[Round "2"]
[White "Thefirstchess"]
[Black "Iyael"]
[Result "0-1"]
[WhiteElo "1965"]
[BlackElo "2008"]
[TimeControl "180+2"]
[EndTime "13:22:44 PST"]
[Termination "Iyael won on time"]

1. c4 Nf6 2. Nc3 g6 3. g3 Bg7 4. Bg2 d6 5. e4 O-O 6. Nge2 e5 7. O-O Nbd7 8. d3 a5 9. h3 Re8 10. Be3 b6 11. f4 exf4 12. Nxf4 Bb7 13. Qd2 Nc5 14.
Rae1 Nfd7 15. b3 c6 16. d4 Ne6 17. Qf2 Qe7 18. g4 c5 19. Ncd5 Bxd5 20. Nxd5 Qf8 21.
dxc5 bxc5 22. Bd2 Ra7 23. Bc3 Nd4 24. Rd1 a4 25. Rb1 axb3 26. axb3 Ra3 27. Qg3 Ne2+ 28. Kh2 Nxg3 29. Kxg3 Bxc3 30. Nxc3 Qg7 31. Nd5 Qe5+ 32. Kf2 Ra2+ 33. Kg1 Qg3 34. Nf4 Rxe4 35. Rf3 Re1+ 36. Rxe1 Qxe1+ 37. Rf1 Qe3+ 38. Kh1 Ne5 39. Nd5 Nd3 40.
Nf6+ Kg7 41. Nd5 Nf2+ 42. Kh2 Qe5+ 43. Kg1 Nd3 44. Nb6 Qg3 0-1

[Event "*** Titled Tuesday Blitz"]
[Site "Chess.com"]
[Date "2019.02.05"]
[Round "2"]
[White "manuellarrea"]
[Black "SimonKnightRivendell"]
[Result "1/2-1/2"]
[WhiteElo "2046"]
[BlackElo "1999"]
[TimeControl "180+2"]
[EndTime "13:22:45 PST"]
[Termination "Game drawn by agreement"]

1. e4 c6 2. d4 d5 3. exd5 cxd5 4. c4 Nf6 5. Nc3 g6 6. cxd5 Nxd5 7. Bc4 Nb6 8. Bb3 Bg7 9. Nf3 O-O 10. h3 Nc6 11.
Be3 Bf5 12. O-O Qd7 13. d5 Nb4 14. Nd4 Bd3 15. Re1 Ba6 16. Bg5 Rfe8 17. Re3 N4xd5 18. Nxd5 Nxd5 19. Re1 Nb6 20. Be3 e5 21. Nf3 Qxd1 22. Raxd1 Rad8 23. Rxd8 Rxd8 24. Bxb6 axb6 25. Nxe5 Bxe5 26.
Rxe5 Rd7 27. h4 Kg7 28. h5 Kf6 29. Re3 gxh5 30. Rf3+ Kg6 31. Kh2 f6 32. Bc2+ Kg7 33. Rg3+ Kh6 34. Rf3 Rd2 35. Bb3 Kg7 36. Kg3 Rxb2 37.
Rc3 Rd2 38. Rc7+ Kh6 39. Bc2 h4+ 40. Kxh4 Rd4+ 41. Kg3 Bd3 42. Bxd3 Rxd3+ 43. f3 Rd2 44. Rxb7 Rxa2 45. Rxb6 Kg6 46. Kh3 Kg7 47. g4 Kg6 1/2-1/2

[Event "*** Titled Tuesday Blitz"]
[Site "Chess.com"]
[Date "2019.02.05"]
[Round "2"]
[White "Fenil1995"]
[Black "Entilza"]
[Result "1-0"]
[WhiteElo "2156"]
[BlackElo "2201"]
[TimeControl "180+2"]
[EndTime "13:22:46 PST"]
[Termination "Fenil1995 won by resignation"]

1. e4 c6 2. Nc3 d5 3. Qe2 d4 4.
Nd1 e5 5. d3 g6 6. f4 Nd7 7.
Nf3 Bg7 8. g3 Ne7 9. Bg2 O-O 10.
O-O f5 11. Nf2 exf4 12. Bxf4 Nf6 13. Bg5 h6 14. Bxf6 Rxf6 15. e5 Re6 16. c3 c5 17. b4 Nd5 18. cxd4 Nc3 19. Qb2 cxd4 20. Rae1 Rb8 21. Qb3 Kh7 22. g4 f4 23. g5 hxg5 24.
Bh3 Re8 25. e6 Qd5 26. Qxd5 Nxd5 27. Nxg5+ Kg8 28. Nfe4 Re7 29. Nd6 b6 30. Rc1 Ba6 31.
b5 Bb7 32. Bg2 Rd8 33. Nxb7 Rxb7 34. Bxd5 Rxd5 35. Rc8+ Bf8 36. Ne4 Rf5 37. Nd6 Re7 38. Nxf5 gxf5 39. Rxf4 Rxe6 40. Rxf5 Re3 41. Rcxf8+ 1-0

[Event "*** Titled Tuesday Blitz"]
[Site "Chess.com"]
[Date "2019.02.05"]
[Round "2"]
[White "jorquerino"]
[Black "AndrewMcStone"]
[Result "0-1"]
[WhiteElo "2207"]
[BlackElo "2138"]
[TimeControl "180+2"]
[EndTime "13:22:47 PST"]
[Termination "AndrewMcStone won by resignation"]

1. e4 e6 2. Qe2 c5 3. g3 Nc6 4. Nf3 d6 5. Bg2 g6 6. O-O Bg7 7. Rd1 Nge7 8. c3 e5 9. Na3 O-O 10. Nc2 Qb6 11. Ne3 h6 12. Nc4 Qc7 13. d4 cxd4 14.
cxd4 Nxd4 15. Nxd4 exd4 16. Bf4 Rd8 17. Rac1 Nc6 18.
b4 g5 19. Bd2 Qe7 20. f4 d5 21. Nb2 dxe4 22. Qxe4 Bg4 23. Re1 Qxe4 24. Bxe4 Re8 25.
b5 Ne7 26. Bxb7 Rab8 27. Bc6 Nxc6 28. Rxc6 Rxe1+ 29. Bxe1 Bd7 30. Rc7 Bxb5 31. Rxa7 d3 32. Nd1 Bc4 33. Bf2 Rb1 34. Ra8+ Kh7 0-1

[Event "*** Titled Tuesday Blitz"]
[Site "Chess.com"]
[Date "2019.02.05"]
[Round "2"]
[White "Ellaijio_B"]
[Black "Angry_Twin"]
[Result "0-1"]
[WhiteElo "2647"]
[BlackElo "2796"]
[TimeControl "180+2"]
[EndTime "13:22:49 PST"]
[Termination "Angry_Twin won by checkmate"]

1. e4 c5 2. Nf3 e6 3. d4 cxd4 4. Nxd4 a6 5. Bd3 Nf6 6. O-O Qc7 7.
Qe2 d6 8. f4 Nbd7 9. Nc3 b5 10.
Bd2 Bb7 11. Rae1 b4 12. Nd1 Nc5 13. Nf2 d5 14. exd5 Bxd5 15. f5 Bd6 16. fxe6 fxe6 17. Bxb4 Bxh2+ 18. Kh1 Qg3 19. Nf3 Bxf3 20. Qxf3 Qxf3 21.
gxf3 Nxd3 22. Nxd3 Bc7 23. Rxe6+ Kd8 24. Be7+ Kc8 25.
Bxf6 gxf6 26. Rxf6 Rb8 27. Re1 Rb5 28. Kg2 Rg8+ 29. Kf1 Rh5 30. Re7 Rh1+ 31. Ke2 Rh2+ 32. Ke3 Rxc2 33. Rfe6 Rgg2 34. Ke4 Rcd2 35. Nc5 Rge2+ 36.
Kf5 Rd5+ 37. Kg4 Rg2+ 38. Kh3 Rh2+ 39. Kg4 h5# 0-1

[Event "*** Titled Tuesday Blitz"]
[Site "Chess.com"]
[Date "2019.02.05"]
[Round "2"]
[White "WPWPWP-2015"]
[Black "PowerThinking2650"]
[Result "1-0"]
[WhiteElo "2312"]
[BlackElo "2247"]
[TimeControl "180+2"]
[EndTime "13:22:49 PST"]
[Termination "WPWPWP-2015 won by resignation"]

1. e4 e5 2. Nf3 Nc6 3. Bb5 a6 4. Ba4 Nf6 5. O-O Be7 6. Re1 b5 7. Bb3 d6 8. c3 O-O 9. h3 Bb7 10. a4 Na5 11. Bc2 c5 12. d3 b4 13.
Nbd2 Rb8 14. Nc4 Nxc4 15. dxc4 bxc3 16. bxc3 Bc8 17. Qe2 Be6 18. Ng5 Bd7 19. f4 h6 20.
Nf3 exf4 21. Bxf4 Nh5 22. Bh2 Bh4 23. Red1 Bg3 24. Bxg3 Nxg3 25. Qf2 Nh5 26. Rxd6 Qe7 27. e5 Rb2 28. Bh7+ Kxh7 29. Qxb2 Be6 30. Qb6 Nf4 31. Qxc5 Rc8 32. Qe3 Rxc4 33. Rd4 Ng6 34. Rxc4 Bxc4 35. Re1 Qa3 36. Qd4 Be6 37. Kh2 Ne7 38. Qb4 Qxb4 39. cxb4 Nd5 40. b5 axb5 41.
axb5 Bd7 42. Rd1 Be6 43. Rc1 Bd7 44. Nd4 1-0

[Event "*** Titled Tuesday Blitz"]
[Site "Chess.com"]
[Date "2019.02.05"]
[Round "2"]
[White "Mistheoretical"]
[Black "Blitzstream"]
[Result "0-1"]
[WhiteElo "2338"]
[BlackElo "2560"]
[TimeControl "180+2"]
[EndTime "13:22:49 PST"]
[Termination "Blitzstream won by checkmate"]

1. d4 g6 2. e4 Bg7 3. Nc3 b6 4. Be3 Bb7 5. f3 e6 6. Qd2 h6 7. O-O-O Ne7 8. Kb1 d6 9. Nh3 Nd7 10. Nf2 a6 11. Bc4 b5 12. Bb3 Nb6 13. Ng4 h5 14. Nf2 Qd7 15. h4 a5 16. a3 b4 17.
axb4 axb4 18. Na2 Nc6 19. Nxb4 Na5 20. Qd3 Nxb3 21. Qxb3 Qb5 22. Nbd3 Qa6 23. Kc1 Nc4 24. c3 Qa1+ 25. Kc2 Nxe3+ 26. Kd2 Nxd1 27. Qxb7 Bh6+ 28. f4 O-O 29. Rxd1 Qa5 30. Qc6 Rfd8 31. g4 Ra6 32. Qc4 d5 33. exd5 exd5 34. Qb4 Qa2 35. gxh5 Re8 36.
Re1 Rxe1 37. Kxe1 Qb1+ 38. Kd2 gxh5 39. Qb5 Rd6 40. Qb8+ Kg7 41. Qxc7 Re6 42. Qd7 Qf1 43. Qxd5 Re2# 0-1

[Event "*** Titled Tuesday Blitz"]
[Site "Chess.com"]
[Date "2019.02.05"]
[Round "2"]
[White "Perecke"]
[Black "Chess2019Player"]
[Result "1-0"]
[WhiteElo "2043"]
[BlackElo "2023"]
[TimeControl "180+2"]
[EndTime "13:22:49 PST"]
[Termination "Perecke won by resignation"]

1. e4 e6 2. d4 d5 3. Nc3 Nf6 4. e5 Nfd7 5. Nce2 c5 6. c3 Nc6 7. f4 Be7 8. Nf3 Qb6 9. g3 f6 10. Bh3 Nf8 11. O-O cxd4 12. cxd4 Bd7 13. Be3 Ng6 14.
exf6 gxf6 15. a3 e5 16. Bxd7+ Kxd7 17. fxe5 fxe5 18. Bf2 Raf8 19. dxe5 Qa5 20. b4 Qc7 21. Qxd5+ Kc8 22. Nfd4 Nxd4 23. Nxd4 Qxe5 24. Qxe5 Nxe5 25. Be3 Bf6 26. Rac1+ Kb8 27. Rxf6 Rxf6 28. Bf4 Re8 29. Re1 Rxf4 30. gxf4 Rd8 31. fxe5 Rxd4 32. e6 Kc7 33. e7 Rg4+ 34. Kh1 1-0

[Event "*** Titled Tuesday Blitz"]
[Site "Chess.com"]
[Date "2019.02.05"]
[Round "2"]
[White "FrankieJay"]
[Black "djogrodek1"]
[Result "1-0"]
[WhiteElo "2383"]
[BlackElo "2396"]
[TimeControl "180+2"]
[EndTime "13:22:52 PST"]
[Termination "FrankieJay won by resignation"]

1. e4 c5 2. Nf3 d6 3. d4 cxd4 4.
Nxd4 Nf6 5. Nc3 g6 6. Be3 Bg7 7. f3 O-O 8. Qd2 Nc6 9. O-O-O d5 10. exd5 Nxd5 11. Nxc6 bxc6 12. Bd4 Bxd4 13. Qxd4 Qb6 14. Na4 Qa5 15. b3 Be6 16. g3 Rfd8 17. Qc5 Qc7 18. f4 Nxf4 19. Rxd8+ Rxd8 20. gxf4 Qxf4+ 21. Kb2 Rd1 22.
Ka3 Rxf1 23. Rxf1 Qxf1 24. Qxe7 Qc1+ 25. Nb2 Qxc2 26. Qxa7 Qxh2 27. Qa8+ Kg7 28. Qxc6 h5 29. Qc3+ Kh7 30. b4 h4 31. b5 Qg3 32. Nd1 Qd6+ 33.
Qb4 Qxd1 34. Qxh4+ Kg8 35. b6 Qc1+ 36. Ka4 Qc2+ 37.
Kb5 Qxa2 38. Qd8+ Kg7 39. Qd4+ f6 40. b7 Qb3+ 41. Kc6 Qf3+ 42. Kc7 Qg3+ 43. Qd6 Qc3+ 44. Kd8 Qa5+ 45. Qc7+ Qxc7+ 46. Kxc7 g5 47. b8=Q g4 48.
Kd6 Bf7 49. Ke7 Kg6 50. Qd6 1-0